 Dungeon Crawl Stone Soup version 0.18.1-5-g4a78601 (webtiles) character file.

948 Gottschkopf the Carver (level 7, 0/57 HPs)
             Began as a Minotaur Fighter on May 12, 2016.
             Slain by Duvessa
             ... wielding a +2 rapier of protection
              (12 damage)
             ... on level 6 of the Dungeon.
             The game lasted 00:10:20 (4283 turns).

Gottschkopf the Carver (Minotaur Fighter)           Turns: 4283, Time: 00:10:20

Health: 0/57       AC: 10    Str: 23    XL:     7   Next: 89%
Magic:  6/6        EV:  7    Int:  5    God:
Gold:   38         SH: 10    Dex:  9    Spells: 0 memorised, 6 levels left

rFire  . . .     SeeInvis .     a - +0 long sword
rCold  . . .     Gourm    .     b - +1 scale mail
rNeg   . . .     Faith    .     c - +1 shield
rPois  .         Spirit   .     (helmet restricted)
rElec  .         Dismiss  .     y - +1 cloak
rCorr  .         Reflect  .     (no gloves)
SustAt +         Harm     .     (no boots)
MR     .....                    (no amulet)
Stlth  ..........               (no ring)
                                e - ring of sustain attributes

@: not resistant to hostile enchantments, extremely unstealthy
A: retaliatory headbutt, horns 2
a: no special abilities


You were on level 6 of the Dungeon.
You were not hungry.

You visited 2 branches of the dungeon, and saw 7 of its levels.
You also visited: Sewer.

You collected 164 gold pieces.
You spent 126 gold pieces at shops.

Inventory:

Hand Weapons
 a - a +0 long sword (weapon)
Armour
 b - a +1 scale mail (worn)
 c - a +1 shield (worn)
 o - a +0 cloak
 y - a +1 cloak (worn)
Jewellery
 e - a ring of sustain attributes (left hand)
Wands
 m - a wand of flame (17/48)
 n - a wand of iceblast (15/15)
 v - a wand of polymorph (7/24)
Scrolls
 d - 2 scrolls of remove curse
 w - a scroll of identify
Potions
 h - a potion of berserk rage
 k - 2 potions of agility
 q - a potion of flight
 r - a potion of invisibility
 z - 3 potions of curing
 B - a potion of haste
Books
 s - a book of Changes

   Spells                             Type                      Level
   a - Beastly Appendage              Transmutation                1
   b - Sticks to Snakes               Transmutation                2
   c - Spider Form                    Transmutation/Poison         3
   d - Ice Form                       Ice/Transmutation            4
   e - Blade Hands                    Transmutation                5
 u - a book of Changes

   Spells                             Type                      Level
   a - Beastly Appendage              Transmutation                1
   b - Sticks to Snakes               Transmutation                2
   c - Spider Form                    Transmutation/Poison         3
   d - Ice Form                       Ice/Transmutation            4
   e - Blade Hands                    Transmutation                5
Comestibles
 f - 5 bread rations
 g - 3 meat rations
 i - 2 royal jellies
 j - 2 beef jerkies
 l - 2 slices of pizza
 x - 3 fruits
 A - 3 chunks of flesh


   Skills:
 - Level 3.6 Fighting
 * Level 11.0 Long Blades
 - Level 3.6 Armour
 - Level 3.6 Shields


You had 6 spell levels left.
You didn't know any spells.

Dungeon Overview and Level Annotations

Branches:
Dungeon (6/15)             Temple (1/1) D:4

Altars:
Ashenzari
Cheibriados
Dithmenos
Elyvilon
Fedhas
Kikubaaqudgha
Sif Muna
Zin

Shops:
D:4 (%   D:5 [

Annotations:
D:6 Duvessa


Innate Abilities, Weirdness & Mutations

You reflexively headbutt those who attack you in melee.
You have a pair of horns on your head.


Message History

You barely miss Duvessa.
Duvessa is heavily wounded.
The giant frog hits you. Duvessa closely misses you.
You block the giant frog's attack.
You hit Duvessa but do no damage. Your headbutt misses Duvessa.
Duvessa is heavily wounded.
You block Duvessa's attack. The giant frog barely misses you.
The crimson imp blinks!
You completely miss Duvessa.
Duvessa is heavily wounded.
Duvessa closely misses you. You furiously retaliate!
You headbutt Duvessa. The giant frog hits you.
* * * LOW HITPOINT WARNING * * *
You block the giant frog's attack. Duvessa closely misses you.
You completely miss Duvessa.
Duvessa is heavily wounded.
The giant frog hits you.
* * * LOW HITPOINT WARNING * * *
Duvessa hits you with a rapier of protection!
You die...

###########
#.........#
#...)..$..#
#..@F.5...#
#..$e......
#(....ยง...#
#.........#
#.........#
#..........
####.#####.
.#


You could see Duvessa (berserk), a giant frog and a crimson imp.

Vanquished Creatures
  A phantom (D:4)
  A big kobold (D:5)
  A crocodile (Sewer)
  Dowan (D:6)
  A hound (D:5)
  5 orc wizards
  A giant frog skeleton (D:5)
  Jessica (D:2)
  Terence (D:2)
  A worker ant (D:3)
  Natasha (thrice) (D:2)
  A killer bee zombie (D:5)
  2 hound skeletons
  A howler monkey skeleton (D:5)
  4 gnolls (D:5)
  12 adders
  A shadow imp (D:5)
  3 worms
  2 dart slugs
  4 giant geckos
  17 orcs
  4 giant cockroaches
  7 goblins
  2 hobgoblins (D:2)
  13 jackals
  A quokka (D:4)
  5 bats
  2 giant newts
  A jackal skeleton (D:5)
  9 kobolds
  2 rats (D:3)
110 creatures vanquished.

Notes
Turn   | Place    | Note
--------------------------------------------------------------
     0 | D:1      | Gottschkopf the Minotaur Fighter began the quest for the Orb.
     0 | D:1      | Reached XP level 1. HP: 19/19 MP: 0/0
   403 | D:1      | You fall through a shaft!
   537 | D:2      | Reached skill level 3 in Long Blades
   610 | D:2      | Reached XP level 2. HP: 26/26 MP: 1/1
   631 | D:2      | Found a shattered altar of Ashenzari.
   639 | D:2      | Reached skill level 4 in Long Blades
   652 | D:2      | Reached XP level 3. HP: 23/31 MP: 2/2
   784 | D:2      | Noticed Natasha
   808 | D:2      | Killed Natasha
  1115 | D:2      | Noticed Terence
  1136 | D:2      | Reached skill level 5 in Long Blades
  1140 | D:2      | Killed Terence
  1140 | D:2      | Reached XP level 4. HP: 12/39 MP: 3/3
  1379 | D:2      | Noticed Jessica
  1384 | D:2      | Killed Jessica
  1420 | D:2      | Reached skill level 6 in Long Blades
  1582 | D:2      | Noticed Natasha
  1596 | D:2      | Killed Natasha
  1596 | D:2      | Reached XP level 5. HP: 26/45 MP: 4/4
  1643 | D:2      | Noticed Natasha
  1652 | D:2      | Killed Natasha
  1949 | D:3      | Reached skill level 7 in Long Blades
  1953 | D:3      | Found a glowing drain.
  1968 | Sewer    | Entered a sewer
  2026 | Sewer    | Noticed a crocodile
  2031 | Sewer    | Killed a crocodile
  2031 | Sewer    | Reached XP level 6. HP: 34/51 MP: 5/5
  2224 | D:3      | Reached skill level 8 in Long Blades
  2248 | D:3      | Found a shadowy altar of Dithmenos.
  2529 | D:3      | Found an ancient bone altar of Kikubaaqudgha.
  2918 | D:4      | Reached skill level 9 in Long Blades
  2918 | D:4      | Reached XP level 7. HP: 45/57 MP: 6/6
  2985 | D:4      | Found a deep blue altar of Sif Muna.
  3060 | D:4      | Found a staircase to the Ecumenical Temple.
  3096 | Temple   | Entered the Ecumenical Temple
  3140 | D:4      | Found Mauqo's Antique Weapon Emporium.
  3162 | D:4      | Found Wuume's Food Boutique.
  3178 | D:4      | Found a white marble altar of Elyvilon.
  3279 | D:5      | Entered Level 5 of the Dungeon
  3542 | D:5      | Found Qaleej's Antique Armour Shoppe.
  3548 | D:5      | Bought an embroidered cloak for 126 gold pieces
  3603 | D:5      | Reached skill level 10 in Long Blades
  4256 | D:6      | Noticed Dowan
  4257 | D:6      | Noticed Duvessa
  4265 | D:6      | Killed Dowan
  4265 | D:6      | Reached skill level 11 in Long Blades
  4283 | D:6      | Slain by Duvessa

Skill      XL: |  1  2  3  4  5  6  7 |
---------------+----------------------+-----
Long Blades    | 3 4 5 6 7 9 11 | 11.0
Fighting       | |  3.6
Armour         | |  3.6
Shields        | |  3.6

Action                   |  1- 3 |  4- 6 |  7- 9 || total
-------------------------+-------+-------+-------++-------
Melee: Long sword        |    81 |   186 |   140 ||   407
       Headbutt          |    14 |    26 |    22 ||    62
  Use: Potion            |     3 |     1 |       ||     4
       Scroll            |       |     5 |     7 ||    12
  Eat: Chunk             |       |     7 |     4 ||    11
Armor: Scale mail        |    41 |    68 |    61 ||   170
Dodge: Dodged            |    33 |    52 |    35 ||   120
Block: Shield            |    46 |    76 |    96 ||   218
